 Dungeon Crawl Stone Soup version 0.25-a0-317-g5f8687b (webtiles) character file.

Game seed: 16882476117239408657, levelgen mode: deterministic

352 Birdy the Slasher (level 6, 0/38 HPs)
             Began as a Tengu Monk on Dec 25, 2019.
             Slain by an adder (3 damage)
             ... on level 2 of the Dungeon.
             The game lasted 00:06:41 (2666 turns).

Birdy the Slasher (Tengu Monk)                      Turns: 2666, Time: 00:06:41

Health: 0/38       AC:  3    Str: 12    XL:     6   Next: 62%
Magic:  7/7        EV: 16    Int: 10    God:
Gold:   103        SH:  5    Dex: 18    Spells: 5/5 levels left

rFire    . . .     SeeInvis .   a - +0 falchion
rCold    . . .     Gourm    .   b - +0 buckler
rNeg     . . .     Faith    .   e - +0 leather armour
rPois    .         Spirit   .   (helmet restricted)
rElec    .         Reflect  .   (no cloak)
rCorr    .         Harm     .   (no gloves)
MR       .....                  (boots unavailable)
Stlth    ++........             (no amulet)
HPRegen  0.12/turn              (no ring)
MPRegen  0.10/turn              (no ring)

@: flying quickly and evasively, quick
A: beak, talons 3, able to fly
a: Stop Flying


You were on level 2 of the Dungeon.
You were not hungry.

You visited 1 branch of the dungeon, and saw 3 of its levels.

You collected 103 gold pieces.

Inventory:

Hand Weapons
 a - a +0 falchion (weapon)
Missiles
 i - 15 poisoned darts (quivered)
Armour
 b - a +0 buckler (worn)
 e - a +0 leather armour (worn)
Wands
 g - a wand of polymorph (1)
Scrolls
 f - a scroll of blinking {unknown}
 h - a scroll of teleportation
 k - a scroll of identify
Comestibles
 c - 3 rations


   Skills:
 + Level 3.8 Fighting
 * Level 5.0 Long Blades
 * Level 3.5 Armour
 - Level 3.7 Dodging
 - Level 2.0 Stealth
 * Level 2.7 Shields


You had 5 spell levels left.
You didn't know any spells.
Your spell library was empty.

Dungeon Overview and Level Annotations

Branches:
Dungeon (3/15)

Altars:
Gozag

Annotations:
D:3 Grinder


Innate Abilities, Weirdness & Mutations

You have a beak for a mouth.
You have claws for feet.
You can fly continuously.


Message History

The adder is moderately wounded.
The adder misses you.
You closely miss the adder. Your kick misses the adder.
The adder is moderately wounded.
The adder misses you. The adder bites you.
* * * LOW HITPOINT WARNING * * *
You closely miss the adder. Your peck misses the adder.
The adder is moderately wounded.
The adder bites you.
* * * LOW HITPOINT WARNING * * *
You closely miss the adder. Your kick misses the adder. You peck the adder.
The adder is heavily wounded.
The adder bites you.
* * * LOW HITPOINT WARNING * * *
You aren't carrying any potions.
Unknown command.
You barely miss the adder.
The adder is heavily wounded.
The adder completely misses you. The adder bites you.
You die...

####.######....#......#.#.###....
#.##..........###..#.._..#....
#.##.#######.......###.#.#....
#.##.# #...)...#.....###># #.>..#
#.###...###.### #.# #..###
#.##.........## #.# #..#
#..<........#.###.# #..#
#######S.#.......###.##.#
#..###.......@#......## ##.#.#
####............##.#...#######..#
......###.########.###..##.##.###
####...<....# #.# #.....(.## #
##.###.#.# #.# #.##....# #
#.###.#.# #.# #.###.#.# #
#.....#.# #.# #.# ###.# #
#####.#.# #.# #.# #.# #
#.#.######.###.# ##.####


You could see an adder.

Vanquished Creatures
  A phantom (D:2)
  A crimson imp (D:2)
  An orc wizard (D:3)
  Robin (D:3)
  8 adders
  An ooze (D:2)
  2 dart slugs
  3 leopard geckos (D:1)
  11 orcs
  A ball python (D:2)
  2 giant cockroaches
  18 goblins
  15 hobgoblins
  10 kobolds
  6 bats
  4 frilled lizards
  14 rats
99 creatures vanquished.

Notes
Turn   | Place    | Note
-------+----------+-------------------------------------------
     0 | D:1      | Birdy the Tengu Monk began the quest for the Orb.
     0 | D:1      | Reached XP level 1. HP: 14/14 MP: 2/2
    69 | D:1      | Reached XP level 2. HP: 19/19 MP: 3/3
   250 | D:1      | Reached skill level 1 in Armour
   509 | D:1      | Reached XP level 3. HP: 22/23 MP: 4/4
  1011 | D:2      | Found an opulent altar of Gozag.
  1055 | D:2      | You fall into a shaft and drop 1 floor!
  1076 | D:3      | Reached XP level 4. HP: 27/28 MP: 5/5
  1105 | D:3      | Reached skill level 4 in Long Blades
  1105 | D:3      | Reached skill level 1 in Shields
  1395 | D:3      | Noticed Robin
  1405 | D:3      | Killed Robin
  1405 | D:3      | Gained mutation: You can fly continuously. [Tengu growth]
  1405 | D:3      | Reached XP level 5. HP: 24/32 MP: 6/6
  1474 | D:3      | Noticed Grinder
  2028 | D:2      | Reached XP level 6. HP: 38/38 MP: 7/7
  2267 | D:2      | Noticed a phantom
  2310 | D:2      | Killed a phantom
  2310 | D:2      | Reached skill level 5 in Long Blades
  2642 | D:3      | Paralysed by Grinder for 5 turns
  2666 | D:2      | Slain by an adder

Levels and vault maps discovered:
D:1:      scummos_arrival_hexagon, layout_basic
D:2:      layout_loops_ring, nicolae_gozag_cash_rules_everything_around_me,
          first_ration, minmay_pentomino_s2
D:3:      layout_loops_ring, portal_sewer_entry_b, uniq_robin, uniq_grinder

Skill      XL: |  1  2  3  4  5  6 |
---------------+-------------------+-----
Armour         | 1 2 3 |  3.5
Long Blades    | 4 5 |  5.0
Shields        | 1 2 |  2.7
Fighting       | |  3.8
Dodging        | |  3.7
Stealth        | |  2.0

Action                   |  1- 3 |  4- 6 || total
-------------------------+-------+-------++-------
Melee: Falchion          |    77 |   160 ||   237
       Kick              |    23 |    52 ||    75
       Peck              |    14 |    30 ||    44
       Unarmed           |       |    16 ||    16
 Abil: Fly               |       |     1 ||     1
  Use: Potion            |       |     3 ||     3
       Scroll            |       |     2 ||     2
 Stab: Sleeping          |     5 |     2 ||     7
       Confused          |       |     1 ||     1
       Distracted        |       |     1 ||     1
  Eat: Chunk             |       |     4 ||     4
       Ration            |       |     1 ||     1
Armor: Robe              |     1 |       ||     1
       Leather armour    |     7 |    25 ||    32
       Skin              |       |     2 ||     2
Dodge: Dodged            |    43 |   143 ||   186
Block: Buckler           |     9 |    28 ||    37
       Rpst.: Falchion   |    11 |    36 ||    47

Table legend:
 A = Non-vault XP
 B = Vault XP
 C = Vault XP percentage of total XP
 D = Non-vault monster count
 E = Vault monster count
 F = Vault count percentage of total count
                 A         B        C        D         E       F
            +---------+---------+-------+---------+---------+-------
      Total |     473 |      31 |   6.2 |      89 |      10 |  10.1
            +---------+---------+-------+---------+---------+-------
        D:1 |      49 |       0 |   0.0 |      28 |       0 |   0.0
        D:2 |     302 |       2 |   0.7 |      36 |       1 |   2.7
        D:3 |     122 |      29 |  19.2 |      25 |       9 |  26.5
            +---------+---------+-------+---------+---------+-------
